 Dungeon Crawl Stone Soup version 0.20.0 (webtiles) character file.

42 Timinator the Insei (level 3, -3/26 HPs)
             Began as a Demonspawn Transmuter on Aug 26, 2017.
             Slain by Terence
             ... wielding a +0 short sword
              (4 damage)
             ... on level 2 of the Dungeon.
             The game lasted 00:47:42 (1223 turns).

Timinator the Insei (Demonspawn Transmuter)         Turns: 1223, Time: 00:47:43

Health: -3/26      AC:  5    Str: 10    XL:     3   Next: 33%
Magic:  6/6        EV: 12    Int: 14    God:    Xom [..*...]
Gold:   138        SH:  0    Dex: 14    Spells: 5/6 levels left

rFire    . . .     SeeInvis .     - Unarmed
rCold    . . .     Gourm    .   (no shield)
rNeg     . . .     Faith    .   b - +0 leather armour
rPois    .         Spirit   .   (no helmet)
rElec    .         Reflect  .   (no cloak)
rCorr    +         Harm     .   (no gloves)
MR       .....                  (no boots)
Stlth    +.........             (no amulet)
Regen    0.1/turn               e - +2 ring of protection
MPRegen  0.1/turn               h - ring of resist corrosion

@: appendage (expiring)
A: hooves 1, horns 2, demonic guardian 1
a: End Transformation, Renounce Religion


You were on level 2 of the Dungeon.
You worshipped Xom.
You were a toy of Xom.
You were not hungry.
You had grown temporary horns.
You visited 1 branch of the dungeon, and saw 2 of its levels.

You collected 138 gold pieces.

Inventory:

Hand Weapons
 f - a +0 dagger
 i - a cursed -2 club
 m - a +0 short sword of speed
Missiles
 a - 12 arrows
Armour
 b - a +0 leather armour (worn)
 j - a +0 robe
 n - a +0 robe
Jewellery
 e - a +2 ring of protection (left hand)
 h - a ring of resist corrosion (right hand)
 l - a +4 ring of slaying {unknown}
Scrolls
 g - a scroll of magic mapping {unknown}
Potions
 k - a potion of lignification
Books
 c - a book of Changes

   Spells                             Type                      Level
   a - Beastly Appendage              Transmutation                1
   b - Sticks to Snakes               Transmutation                2
   c - Spider Form                    Transmutation/Poison         3
   d - Ice Form                       Ice/Transmutation            4
   e - Blade Hands                    Transmutation                5
Comestibles
 d - a bread ration


   Skills:
 + Level 1.0 Fighting
 + Level 2.4 Dodging
 - Level 0.4 Stealth
 + Level 3.1 Unarmed Combat
 + Level 2.3 Spellcasting
 + Level 2.0 Transmutations


You had 5 spell levels left.
You knew the following spells:

 Your Spells              Type           Power        Failure   Level  Hunger
a - Beastly Appendage     Tmut           #.....       14%         1    #......


Dungeon Overview and Level Annotations

Branches:
Dungeon (2/15)

Altars:
Xom

Annotations:
D:2 Terence


Innate Abilities, Weirdness & Mutations

You have large cloven feet.
A weak demonic guardian rushes to your aid.
You have a pair of horns on your head.


Message History

The frilled lizard bites you but does no damage.
You hit Terence. Your kick misses Terence.
Terence is heavily wounded.
Terence hits you with a short sword. The frilled lizard closely misses you.
You completely miss Terence. You kick Terence, but do no damage.
You headbutt Terence, but do no damage.
Terence is heavily wounded.
Terence misses you.
The frilled lizard bites you but does no damage.
You barely miss Terence. Your kick misses Terence.
Terence is heavily wounded.
The hobgoblin hits you but does no damage.
Terence zaps a wand.
The puff of flame hits you!
* * * LOW HITPOINT WARNING * * *
The frilled lizard barely misses you.
You completely miss Terence. You kick Terence, but do no damage.
You headbutt Terence.
Terence is severely wounded.
The hobgoblin misses you. Terence hits you with a short sword.
You die...

##### #... ######.#
#######...#@@#
#.......#.#gl###.#.
#.#####......5.....#
#.# #####..###...#
#.# #b#b# .# #.#
.bb..# #.# #..#..#
#.# #b.#..# #.#
#..#..#


You could see Terence, a hobgoblin, a frilled lizard and a friendly iron imp.

Vanquished Creatures
  A worm (D:2)
  2 dart slugs (D:1)
  2 bats (D:1)
  5 hobgoblins (D:1)
  3 frilled lizards
  5 goblins (D:1)
  3 kobolds
  18 rats
39 creatures vanquished.

Notes
Turn   | Place    | Note
-------+----------+-------------------------------------------
     0 | D:1      | Timinator the Demonspawn Transmuter began the quest for the Orb.
     0 | D:1      | Reached XP level 1. HP: 15/15 MP: 3/3
   236 | D:1      | Gained mutation: You have large cloven feet. [demonic ancestry]
   236 | D:1      | Reached XP level 2. HP: 9/21 MP: 3/5
   280 | D:1      | HP: 1/21 [dart slug (1)]
   681 | D:1      | Reached skill level 3 in Unarmed Combat
   736 | D:1      | Gained mutation: A weak demonic guardian rushes to your aid. [demonic ancestry]
   736 | D:1      | Reached XP level 3. HP: 8/26 MP: 4/6
   993 | D:2      | Found a shimmering altar of Xom.
  1067 | D:2      | Became a worshipper of Xom of Chaos
  1210 | D:2      | Noticed Terence
  1211 | D:2      | XOM: butterfly on damage
  1222 | D:2      | HP: 1/26 [Terence/wand of flame (?/48) (7)]
  1223 | D:2      | Slain by Terence

Skill      XL: |  1  2 |
---------------+-------+-----
Dodging        | 2 |  2.4
Transmutations | 2 |  2.0
Unarmed Combat | 3 |  3.1
Fighting       | |  1.0
Stealth        | |  0.4
Spellcasting   | |  2.3

Action                   || total
-------------------------++-------
Melee: Unarmed           ||   124
       Headbutt          ||    10
       Kick              ||    19
 Cast: Beastly Appendage ||    19
  Use: Potion            ||     2
       Scroll            ||     3
  Eat: Royal jelly       ||     1
Armor: Robe              ||    18
       Leather armour    ||     4
Dodge: Dodged            ||    61
